 Dungeon Crawl Stone Soup version 0.29-a0-1033-gb6c65ffae6 (webtiles) character file.

Game seed: 1548216521118501265

1540 xian the Conjurer (level 8, 0/59 HPs)
             Began as a White Draconian Conjurer on Aug 15, 2022.
             Was a Follower of Vehumet.
             Slain by Duvessa
             ... wielding a +0 short sword
              (1 damage)
             ... on level 5 of the Dungeon.
             The game lasted 00:18:02 (5133 turns).

xian the Conjurer (White Draconian Conjurer)        Turns: 5133, Time: 00:18:02

Health: 0/59       AC: 12    Str: 10    XL:     8   Next: 56%
Magic:  13/17      EV: 14    Int: 20    God:    Vehumet [*.....]
Gold:   234        SH:  0    Dex: 20    Spells: 11/19 levels left

rFire   x . .      SeeInvis +   d - +2 hand axe of Exoneration {drain, rPois rF- Dex+10 Stlth-}
rCold   + . .      Faith    .   (no shield)
rNeg    . . .      Spirit   .   (body armour unavailable)
rPois   +          Reflect  .   j - +0 hat
rElec   .          Harm     .   l - +1 cloak
rCorr   .          Rampage  .   (no gloves)
Will    .....                   (no boots)
Stlth   ++........              w - amulet of regeneration
HPRegen 0.99/turn               n - ring of see invisible
MPRegen 0.15/turn               p - +4 ring of protection

@: about to teleport, short of breath
A: breathe frost, AC +6, unfitting armour, cold resistance 1, cold-blooded
a: Breathe Frost, Renounce Religion


You were on level 5 of the Dungeon.
You worshipped Vehumet.
Vehumet was aware of your devotion.
You visited 2 branches of the dungeon, and saw 7 of its levels.

You collected 234 gold pieces.

Inventory:

Hand Weapons
 d - the +2 hand axe of Exoneration (weapon) {drain, rPois rF- Dex+10 Stlth-}
   (You took it off an orc on level 4 of the Dungeon)

   A truly terrible weapon, it drains the life of any living foe it strikes.
   Dex:       It affects your dexterity (+10).
   rF:        It makes you vulnerable to fire.
   rPois:     It protects you from poison.
   Stlth:     It makes you less stealthy.
Missiles
 v - 4 boomerangs of dispersal
 y - a throwing net
Armour
 j - a +0 hat (worn)
 l - a +1 cloak (worn)
Jewellery
 n - a ring of see invisible (left hand)
 o - a ring of positive energy
 p - a +4 ring of protection (right hand)
 w - an amulet of regeneration (around neck)
Wands
 g - a wand of iceblast (8)
 r - a wand of paralysis (16)
Scrolls
 a - 3 scrolls of fog
 f - a scroll of enchant weapon
 m - a scroll of teleportation
 t - a scroll of vulnerability {unknown}
 u - a scroll of noise
 z - a scroll of summoning {unknown}
 A - a scroll of blinking
Potions
 b - a potion of degeneration {unknown}
 c - a potion of haste {unknown}
 e - a potion of mutation {unknown}
 h - 2 potions of curing
 i - a potion of berserk rage {unknown}
 k - a potion of flight {unknown}
 q - a potion of brilliance {unknown}
 s - 2 potions of attraction {unknown}
 x - a potion of might {unknown}


   Skills:
 + Level 1.5 Fighting
 + Level 1.6 Short Blades
 * Level 1.7 Axes
 + Level 3.5 Dodging
 + Level 3.4 Stealth
 + Level 6.0 Spellcasting
 + Level 7.5 Conjurations
 * Level 2.2 Ice Magic


You had 11 spell levels left.
You knew the following spells:

 Your Spells              Type           Power      Damage    Failure   Level
a - Magic Dart            Conj           100%       1d8       1%          1
b - Searing Ray           Conj           72%        2d7       1%          2
c - Iskenderun's Mystic   Conj/Tloc      21%        2d6       22%         4
d - Freeze                Ice            56%        1d7       4%          1

Your spell library contained the following spells:

 Spells                   Type           Power      Damage    Failure   Level
 Dazzling Flash           Conj/Hex       42%        N/A       7%          3
 Summon Small Mammal      Summ           24%        N/A       11%         1
 Fulminant Prism          Conj/Hex       10%        3d9       22%         4
 Call Canine Familiar     Summ           6%         N/A       30%         3
 Summon Guardian Golem    Hex/Summ       6%         N/A       30%         3


Dungeon Overview and Level Annotations

Branches:
Dungeon (6/15)             Temple (1/1) D:4

Altars:
Dithmenos
Elyvilon
Fedhas
Hepliaklqana
Kikubaaqudgha
Ru
Sif Muna
Trog
Uskayaw
Vehumet
Yredelemnul
Zin

Annotations:
D:5 Dowan, Duvessa


Innate Abilities, Weirdness & Mutations

You can breathe waves of freezing cold which knock back foes.
Your icy white scales are hard. (AC +6)
You cannot fit into any form of body armour.
Your flesh is cold resistant. (rC+)
You are cold-blooded and may be slowed by cold attacks.


Message History

The searing ray misses Dowan.
You finish channelling your searing ray.
Dowan gestures wildly while chanting.
Dowan blinks!
Duvessa zaps a wand.
The bolt of dispelling energy hits you!!
Dowan hits you but does no damage.
Duvessa zaps a wand.
The bolt of dispelling energy hits you!!
Duvessa hits you with a +0 short sword.
* * * LOW HITPOINT WARNING * * *
Dowan says, "Where the sword fails, magic succeeds!"
Dowan hits you but does no damage. Duvessa hits you with a +0 short sword.
* * * LOW HITPOINT WARNING * * *
Duvessa hits you with a +0 short sword.
* * * LOW HITPOINT WARNING * * *
Dowan zaps a wand.
The bolt of dispelling energy hits you.
* * * LOW HITPOINT WARNING * * *
Okay, then.
Dowan hits you but does no damage.
There is a stone staircase leading up here.
Duvessa zaps a wand.
The bolt of dispelling energy hits you.
* * * LOW HITPOINT WARNING * * *
Dowan hits you but does no damage. Duvessa hits you with a +0 short sword.
* * * LOW HITPOINT WARNING * * *
The necrophage hits you but does no damage.
You climb upwards.
There is a stone staircase leading down here.
Okay, then.
It was a potion of curing.
You feel better. Duvessa hits you but does no damage.
Dowan gestures at you while chanting. The puff of flame misses you.
The necrophage hits you but does no damage.
As you read the scroll of teleportation, it crumbles to dust.
You feel strangely unstable. Duvessa hits you with a +0 short sword!
* * * LOW HITPOINT WARNING * * *
The necrophage barely misses you. Dowan barely misses you.
Duvessa hits you with a +0 short sword.
You die...

..........#..>..##...##....##....
..........#.....##...##....##....
...##....##...........#.....#....
...##....##...........#.....#....
......................#.....'....
.........##.....##....#.....#....
.........##.....##....#.....#....
.........#.......#....#.....#....
.........#.....e@#....'.....#....
.........#.....en#....#....##....
....#....##.....##...##....##....
..#########.....##...##..........
...# #.......................
...# #.......................
...# ##.....#....##....##....
...# #######....##....##.... ..##
##...##....##....


You could see Duvessa (fast), a necrophage and Dowan.

Vanquished Creatures
  The ghost of bchevrier the Spear-Bearer, a novice GnWn of Uskayaw (D:4)
  Grinder (D:4)
  Prince Ribbit (D:5)
  A kobold brigand (D:5)
  Blork the orc (D:4)
  2 necrophages
  A scorpion (D:4)
  5 hounds (D:5)
  3 orc priests
  An iguana (D:5)
  2 orc wizards (D:5)
  7 adders
  5 gnolls
  3 ufetubi (D:5)
  2 worms
  4 dart slugs
  13 orcs
  11 ball pythons
  5 endoplasms
  3 giant cockroaches
  10 goblins
  10 hobgoblins
  4 jackals (D:2)
  2 quokkas
  8 bats
  2 frilled lizards
  12 kobolds
  3 rats
123 creatures vanquished.

Vanquished Creatures (others)
  2 plants (D:1)
2 creatures vanquished.

Grand Total: 125 creatures vanquished

Notes
Turn   | Place    | Note
-------+----------+-------------------------------------------
     0 | D:1      | xian the Draconian Conjurer began the quest for the Orb.
     0 | D:1      | Reached XP level 1. HP: 14/14 MP: 3/3
   145 | D:1      | Found a faded altar of an unknown god.
   266 | D:1      | Reached XP level 2. HP: 20/20 MP: 3/5
   645 | D:1      | Learned a level 2 spell: Searing Ray
  1156 | D:2      | Reached XP level 3. HP: 26/26 MP: 0/6
  1562 | D:2      | Reached XP level 4. HP: 33/33 MP: 2/8
  1654 | D:2      | Learned a level 4 spell: Iskenderun's Mystic Blast
  2046 | D:3      | Reached skill level 5 in Conjurations
  2391 | D:3      | Found a shadowy altar of Dithmenos.
  2655 | D:4      | Identified the +0 ring mail "Hiddykoa" {Int+5}
  2709 | D:4      | Noticed Grinder
  2722 | D:4      | Paralysed by Grinder for 3 turns
  2735 | D:4      | Killed Grinder
  2736 | D:4      | Reached XP level 5. HP: 15/39 MP: 0/10
  2736 | D:4      | Reached XP level 6. HP: 18/46 MP: 0/11
  2850 | D:4      | Noticed Blork the orc
  2856 | D:4      | Killed Blork the orc
  2864 | D:4      | Reached skill level 1 in Fighting
  2864 | D:4      | Reached skill level 1 in Short Blades
  3002 | D:4      | Found a staircase to the Ecumenical Temple.
  3010 | Temple   | Entered the Ecumenical Temple
  3032 | Temple   | Became a worshipper of Vehumet
  3185 | D:4      | Reached skill level 6 in Conjurations
  3260 | D:4      | Your scales start taking on an icy white colour.
  3260 | D:4      | Reached XP level 7. HP: 52/52 MP: 8/13
  3260 | D:4      | Gained mutation: Your flesh is cold resistant. (rC+) [White
                  | Draconian growth]
  3341 | D:4      | Found a runed translucent gate.
  3342 | D:4      | Found a runed translucent gate.
  3342 | D:4      | Noticed bchevrier's ghost (novice GnWn)
  3343 | D:4      | Found a runed translucent gate.
  3344 | D:4      | Identified the +2 hand axe of Exoneration {drain, rPois rF-
                  | Dex+10 Stlth-}
  3815 | D:4      | Found a shimmering blue altar of Sif Muna.
  3945 | D:4      | Killed bchevrier's ghost
  3991 | D:4      | Reached skill level 5 in Spellcasting
  4139 | D:5      | Entered Level 5 of the Dungeon
  4141 | D:5      | Reached * piety under Vehumet
  4141 | D:5      | Offered knowledge of Freeze by Vehumet.
  4152 | D:5      | Reached XP level 8. HP: 59/59 MP: 4/15
  4154 | D:5      | Learned a level 1 spell: Freeze
  4262 | D:5      | Reached skill level 7 in Conjurations
  4412 | D:5      | Reached skill level 1 in Ice Magic
  4412 | D:5      | Noticed Prince Ribbit
  4422 | D:5      | Killed Prince Ribbit
  4423 | D:5      | Reached skill level 1 in Axes
  5118 | D:6      | Noticed Dowan
  5119 | D:6      | Noticed Duvessa
  5130 | D:6      | HP: 1/59 [Duvessa/+0 short sword (2)]
  5133 | D:5      | Slain by Duvessa

Illustrated notes

Levels and vault maps discovered:
D:1:      amcnicky_arrival_single_pillar, layout_loops_ring,
          shapermc_ecumenical_altar_mp_ritualfount
D:2:      layout_rooms
D:3:      layout_basic, nicolae_dithmenos_shadow_blocks
D:4:      layout_cave_pools, led_sif_pool, minmay_temple_entry_waves,
          biasface_ghost_orc_armoury, uniq_blork_the_orc, uniq_grinder
D:5:      layout_gridville, cheibrodos_gnoll_hut, uniq_prince_ribbit1
D:6:      layout_basic, uniq_edmund, uniq_duvessa
Temple:   eino_narrow_crystal_temple

Skill      XL: |  1  2  3  4  5  6  7  8 |
---------------+-------------------------+-----
Dodging        | 2 3 |  3.5
Stealth        | 2 3 |  3.4
Conjurations   | 5 6 7 |  7.5
Spellcasting   | 3 4 5 6 |  6.0
Fighting       | 1 |  1.5
Short Blades   | 1 |  1.6
Ice Magic      | 2 |  2.2
Axes           | 1 |  1.7

Action                   |  1- 3 |  4- 6 |  7- 9 || total
-------------------------+-------+-------+-------++-------
Melee: Whip              |     3 |       |       ||     3
       Tailslap          |     3 |     1 |     9 ||    13
       Punch             |     2 |       |     1 ||     3
       Dagger            |    44 |    10 |    37 ||    91
       Hand axe          |       |       |     8 ||     8
 Cast: Magic Dart        |    69 |    58 |    63 ||   190
       Searing Ray       |     4 |     7 |    17 ||    28
       Freeze            |       |       |     4 ||     4
 Abil: Breathe Frost     |       |       |     8 ||     8
  Use: Potion            |       |     1 |     1 ||     2
       Scroll            |       |       |     9 ||     9
Armor: Skin              |    17 |     7 |    35 ||    59
Dodge: Dodged            |    30 |    10 |    43 ||    83

Table legend: (Time is in decaauts)
 A = Elapsed time spent in this place.
 B = Non-inter-level travel time spent in this place.
 C = Inter-level travel time spent in this place.
 D = Time resting spent in this place.
 E = Time spent auto-exploring this place.
 F = Levels seen in this place.
 G = Mean time per level.
                   A        B        C        D        E       F      G
               +--------+--------+--------+--------+--------+-----+--------+
         Total |   5100 |   5020 |     80 |      0 |   4059 |   7 |  728.6 |
       Dungeon |   5063 |   5007 |     56 |      0 |   4051 |   6 |  843.8 |
        Temple |     36 |     12 |     24 |      0 |      8 |   1 |   36.0 |
               +--------+--------+--------+--------+--------+-----+--------+

Top non-repeatable levels by time:
     D:4: 1443 daAuts
     D:1: 1135 daAuts
     D:5: 983 daAuts
     D:2: 858 daAuts
     D:3: 630 daAuts
  Temple: 36 daAuts
     D:6: 12 daAuts
